cohdb
Replays
Latest Replays
All Replays
Popular Replays
Top Player Replays
Match Explorer
How It Works
Community
CoH3 Stats
Reddit
Sign in to upload your games and track your stats! →
Sign in with Steam
Match 44314003
Unlisted
Match 44314003
Overview
Messages
Build Orders
End
Construct Barracks
Construct Barracks
Selects Heavy Weapons
Riflemen Squad
Riflemen Squad
Construct Weapon Support Center
M1 Mortar Team
Selects M2HB .50cal Heavy Machine Gun
M1919 Machine Gun Team
Bazooka Squad
Mechanized Support Center
M3 Armored Personnel Carrier
M1919 Machine Gun Team
Selects Assault Carriers
Bazooka Squad
Construct Tank Depot
Selects Exchangeable Parts
M18 Hellcat Tank Destroyer
GoupiL ☮
MarcusBolduc
SPORKZILLA
Ricardin_ihuull
RhumsteaK
Adixclusive
Fundus
King Raptor
0
0
Comments
sign in to comment!
No comments posted yet!